AoeStats
← RIP

Black Forest

505674419Analyzed
3v3 RM · 2mo ago on Sep 10, 2026· 112m 22s· 6 players
Game mode
Random Map
Map size
Normal (6 player)
Population
200
Speed
Normal
Resources
Standard
Victory
Conquest
Starting age
Dark Age
Ending age
Imperial Age
RankedLock teamsTeams togetherTeam positionsShared explorationLock speedFull tech treeHidden civsTurbo modeCheats
Victory
Defeat
🇸🇪 Franks · Sweden
888
+14
🇨🇳 Huns · China
844
+16
🇪🇸 Britons · Spain
734
+21
vs
🇨🇳 Cumans · China
844
-17
🇨🇳 Italians · China
838
-17
🇵🇪 Britons · Peru
835
-17
xxzxg_Nono
4:48 Loom
10:01 Feudal Age
11:49 Double-Bit Axe
12:59 Horse Collar
14:18 Wheelbarrow
18:42 Fletching
24:23 Castle Age
22:34 Padded Archer Armor
25:37 Bloodlines
25:25 Bodkin Arrow
25:45 Leather Archer Armor
25:54 Bow Saw
25:49 Heavy Plow
26:38 Hand Cart
26:32 Caravan
26:55 Thumb Ring
26:19 Light Cavalry
27:18 Gold Mining
28:13 Leather Archer Armor
28:52 Gold Shaft Mining
28:11 Stone Mining
32:24 Imperial Age
31:10 Forging
31:05 Scale Barding Armor
30:48 Loom
30:49 Town Watch
31:39 Ballistics
31:51 Town Patrol
33:41 Ring Archer Armor
34:15 Chemistry
33:40 Conscription
33:39 Steppe Husbandry
33:12 Hussar
35:45 Two-Man Saw
35:17 Crop Rotation
35:40 Parthian Tactics
34:54 Heavy Cavalry Archer
36:20 Elite Steppe Lancer
37:36 Iron Casting
37:21 Chain Barding Armor
38:03 Cuman Mercenaries
41:51 Blast Furnace
41:26 Plate Barding Armor
42:16 Elite Kipchak
42:58 Cuman Mercenaries
46:27 Scale Mail Armor
48:37 Cavalier
50:24 Paladin
56:07 Onager
57:23 Siege Onager
86:48 Coinage
86:28 Guilds
87:54 Masonry
90:32 Banking
91:09 Chain Mail Armor
RIP
14:05 Feudal Age
14:36 Double-Bit Axe
14:33 Horse Collar
21:00 Gold Mining
21:11 Gold Mining
24:02 Castle Age
22:02 Stone Mining
26:10 Gold Shaft Mining
25:49 Bow Saw
33:07 Wheelbarrow
36:32 Imperial Age
36:02 Squires
35:23 Pikeman
36:04 Fletching
36:14 Padded Archer Armor
36:15 Scale Mail Armor
36:25 Forging
37:37 Conscription
36:41 Elite Longbowman
37:46 Yeomen
38:20 Caravan
38:38 Halberdier
40:58 Iron Casting
40:39 Chain Mail Armor
40:39 Leather Archer Armor
40:20 Bodkin Arrow
41:02 Gambesons
41:04 Arson
41:39 Hand Cart
44:13 Ring Archer Armor
44:14 Plate Mail Armor
44:45 Blast Furnace
45:51 Chemistry
45:04 Warwolf
45:24 Bracer
46:30 Blast Furnace
63:27 Husbandry
62:48 Cavalier
69:20 Scale Barding Armor
73:43 Chain Barding Armor
92:22 Elite Skirmisher
@幽默小轴
8:46 Loom
11:29 Feudal Age
16:18 Castle Age
14:55 Double-Bit Axe
23:31 Gold Mining
23:32 Stone Mining
24:28 Fletching
24:39 Padded Archer Armor
26:27 Bodkin Arrow
26:47 Leather Archer Armor
26:30 Horse Collar
29:23 Wheelbarrow
31:21 Imperial Age
30:17 Silk Road
32:01 Ballistics
33:09 Chemistry
33:04 Caravan
33:39 Bow Saw
33:46 Bracer
34:55 Ring Archer Armor
35:10 Heavy Plow
35:51 Stone Shaft Mining
36:55 Treadmill Crane
36:41 Elite Genoese Crossbowman
39:28 Pirotechnia
42:12 Thumb Ring
43:49 Masonry
43:54 Fortified Wall
45:44 Capped Ram
52:52 Murder Holes
56:12 Bombard Tower
56:51 Hand Cart
58:29 Architecture
71:49 Conscription
Sigge McKvack
11:26 Feudal Age
12:40 Gold Mining
12:45 Double-Bit Axe
19:47 Wheelbarrow
22:15 Castle Age
20:54 Wheelbarrow
20:52 Stone Mining
21:50 Forging
21:41 Scale Mail Armor
21:47 Scale Barding Armor
24:27 Iron Casting
24:08 Chain Mail Armor
23:57 Husbandry
25:28 Gold Shaft Mining
26:13 Chain Barding Armor
26:27 Hand Cart
32:54 Imperial Age
31:23 #83
32:31 Caravan
33:02 Cavalier
34:16 Plate Mail Armor
34:23 Plate Barding Armor
34:25 Bow Saw
35:53 Blast Furnace
35:23 Conscription
36:46 Paladin
37:46 Chivalry
69:17 Elite Throwing Axeman
72:25 Hoardings
他爸他ma
13:50 Feudal Age
14:28 Horse Collar
16:09 Double-Bit Axe
20:39 Castle Age
20:12 Gold Mining
21:01 Stone Mining
21:56 Bow Saw
23:48 Heavy Plow
26:13 Gold Shaft Mining
26:44 Wheelbarrow
27:58 Hand Cart
32:19 Elite Skirmisher
33:05 Thumb Ring
33:22 Marauders
35:22 Husbandry
35:33 Bloodlines
38:02 Imperial Age
35:05 Light Cavalry
37:00 Fletching
37:21 Forging
37:33 Ballistics
37:50 Pikeman
38:31 Squires
38:28 Bodkin Arrow
38:34 Padded Archer Armor
38:09 Heavy Cavalry Archer
39:17 Parthian Tactics
39:22 Conscription
40:48 Two-Man Saw
39:52 Bracer
40:08 Leather Archer Armor
40:28 Iron Casting
39:59 Scale Barding Armor
42:01 Iron Casting
41:32 Scale Barding Armor
40:58 Hussar
41:03 Elite Tarkan
44:00 Blast Furnace
43:04 Caravan
57:53 Scale Mail Armor
59:23 Halberdier
89:13 Chain Barding Armor
89:09 Chain Mail Armor
107:36 Plate Barding Armor
108:13 Chemistry
107:25 Masonry
zuri_gos
0:33 Loom
0:43 Loom
12:49 Feudal Age
16:11 Wheelbarrow
15:29 Double-Bit Axe
18:46 Castle Age
17:17 Gold Mining
17:54 Horse Collar
18:31 Stone Mining
19:14 Crossbowman
29:14 Heavy Plow
30:47 Ballistics
31:27 Hand Cart
34:49 Imperial Age
32:08 Town Watch
32:29 Stone Mining
33:03 Bow Saw
32:58 Pikeman
33:47 Fletching
33:58 Padded Archer Armor
34:27 Padded Archer Armor
34:52 Ballistics
34:28 Murder Holes
35:12 Town Patrol
35:37 Yeomen
35:23 Bodkin Arrow
35:43 Leather Archer Armor
36:26 Leather Archer Armor
37:46 Gold Shaft Mining
37:45 Siege Engineers
38:41 Chemistry
37:50 Gambesons
38:36 Warwolf
38:33 Arbalester
39:39 Bracer
40:10 Ring Archer Armor
40:03 Conscription
39:22 Elite Skirmisher
40:40 Yeomen
40:12 Arrowslits
42:28 Ring Archer Armor
42:09 Halberdier
43:38 Masonry
43:18 Cavalier
43:59 Husbandry
44:24 Onager
47:39 Hoardings
48:47 Two-Man Saw
47:51 Squires
48:03 Forging
47:53 Scale Mail Armor
48:51 Elite Longbowman
54:00 Caravan
57:59 Treadmill Crane
58:56 Iron Casting
58:36 Chain Mail Armor
58:27 Scale Barding Armor
72:39 Light Cavalry
73:20 Husbandry
79:49 Capped Ram
81:51 Blast Furnace
81:07 Chain Mail Armor
81:12 Chain Barding Armor
92:50 Architecture
92:31 Fortified Wall
95:52 Plate Mail Armor
95:57 Plate Barding Armor
98:26 Heavy Scorpion
106:58 Arson
Connection lost

Rejoining the realm…

Still unreachable

The connection could not be restored.

Session expired

The server has moved on; the page needs a fresh start.